AoeStats
← Taylor8382

Hideout

503154433Analyzed
4v4 RM · 1mo ago on Aug 30, 2026· 43m 4s· 8 players
Game mode
Random Map
Map size
Large (8 player)
Population
200
Speed
Normal
Resources
Standard
Victory
Conquest
Starting age
Dark Age
Ending age
Imperial Age
RankedLock teamsTeams togetherTeam positionsShared explorationLock speedFull tech treeHidden civsTurbo modeCheats
Victory
Defeat
🇨🇳 Wu · China
800
+12
🇨🇳 Chinese · China
799
+12
🇩🇪 Franks · Germany
796
+12
🇨🇳 Armenians · China
744
+14
🇦🇷 Bohemians · Argentina
772
-15
🇫🇷 Lithuanians · France
730
-14
🇨🇴 Goths · Colombia
694
-16
🇧🇷 Goths · Brazil
621
-9
jhoan19952020
12:27 Feudal Age
12:31 Man-at-Arms
13:09 Loom
14:34 Scale Mail Armor
14:39 Horse Collar
15:23 Forging
15:29 Double-Bit Axe
24:18 Castle Age
22:42 Fletching
24:25 Long Swordsman
25:09 Squires
25:50 Iron Casting
25:15 Town Watch
25:44 Heavy Plow
25:37 Gold Mining
26:59 Chain Mail Armor
26:39 Pikeman
32:32 Bow Saw
32:55 Bow Saw
38:26 Imperial Age
38:25 Stone Mining
39:56 Conscription
39:46 Perfusion
39:12 Two-Handed Swordsman
40:17 Town Patrol
41:01 Wheelbarrow
41:22 Caravan
42:02 Crop Rotation
Taylor8382
10:25 Feudal Age
21:13 Castle Age
22:21 Horse Collar
30:55 Anarchy
38:10 Imperial Age
37:31 Heavy Plow
39:13 Wheelbarrow
40:39 Elite Huskarl
41:16 Double-Bit Axe
Sandroudrou
0:55 Loom
11:13 Feudal Age
12:30 Wheelbarrow
11:41 Town Watch
11:59 Double-Bit Axe
13:15 Horse Collar
13:51 Gold Mining
14:23 Stone Mining
21:16 Castle Age
18:47 Man-at-Arms
19:39 Arson
20:25 Scale Mail Armor
22:22 Hand Cart
22:09 Long Swordsman
23:10 Elite Skirmisher
25:03 Stone Shaft Mining
25:22 Heavy Plow
26:51 Bow Saw
27:33 Town Patrol
28:48 Forging
28:54 Chain Mail Armor
33:34 Imperial Age
31:17 Squires
31:51 Padded Archer Armor
31:42 Fletching
31:58 Scale Barding Armor
32:24 Ballistics
31:50 Pikeman
33:04 Leather Archer Armor
32:33 Crossbowman
32:51 Light Cavalry
34:25 Iron Casting
34:27 Bloodlines
33:49 Two-Handed Swordsman
36:48 Thumb Ring
37:06 Husbandry
40:04 Crop Rotation
41:30 Tower Shields
42:53 Chain Barding Armor
43:04 Ring Archer Armor
44:14 Plate Barding Armor
ChinoCorso
11:59 Feudal Age
13:00 Loom
15:04 Horse Collar
15:11 Double-Bit Axe
16:09 Wheelbarrow
15:58 Scale Mail Armor
16:09 Forging
22:05 Castle Age
20:18 Padded Archer Armor
20:39 Arson
23:58 Squires
23:21 Pikeman
23:49 Town Watch
24:20 Bow Saw
24:36 Elite Skirmisher
30:18 Hand Cart
34:49 Coinage
34:20 Caravan
35:15 Leather Archer Armor
34:52 Fletching
35:38 Iron Casting
35:26 Chain Mail Armor
37:15 Wagenburg Tactics
39:46 Imperial Age
40:27 Halberdier
43:05 Chemistry
zauberkugel112
0:26 Loom
12:22 Feudal Age
13:40 Wheelbarrow
12:51 Double-Bit Axe
21:38 Castle Age
22:20 Scale Barding Armor
22:28 Forging
22:19 Gold Mining
23:06 Husbandry
24:05 Hand Cart
25:12 Gold Shaft Mining
25:42 Stone Mining
28:33 Light Cavalry
32:26 Bow Saw
38:20 Imperial Age
38:23 #83
39:00 Fortified Wall
39:21 Chain Barding Armor
39:36 Iron Casting
40:25 Chemistry
40:58 Plate Barding Armor
40:52 Conscription
40:58 Caravan
40:39 Capped Ram
42:24 Cavalier
bnana2K
3:10 Loom
11:06 Feudal Age
13:05 Man-at-Arms
15:18 Horse Collar
18:02 Double-Bit Axe
24:22 Castle Age
22:12 Arson
22:40 Scale Mail Armor
23:54 Forging
24:31 Long Swordsman
26:33 Heavy Plow
27:02 Two-Handed Swordsman
28:25 Champion
29:22 Squires
32:50 Gambesons
32:29 Pikeman
33:49 Iron Casting
33:29 Chain Mail Armor
33:28 Bow Saw
36:16 Wheelbarrow
36:05 Caravan
37:48 Gold Mining
37:51 Stone Mining
38:58 Halberdier
43:46 Imperial Age
41:34 Hand Cart
41:17 Murder Holes
41:42 Chain Mail Armor
41:20 Fletching
42:46 Gold Shaft Mining
风中有朵蒲公英
10:59 Feudal Age
15:33 Castle Age
15:53 Double-Bit Axe
17:55 Bow Saw
17:54 Horse Collar
22:22 Heavy Plow
24:33 Wheelbarrow
25:56 Hand Cart
32:15 Imperial Age
31:35 Man-at-Arms
32:20 Scale Mail Armor
32:38 Long Swordsman
35:37 Two-Man Saw
34:24 Town Watch
36:15 Chain Mail Armor
37:36 Plate Mail Armor
37:31 Two-Handed Swordsman
39:49 Forging
41:43 Iron Casting
40:50 Champion
41:57 Capped Ram
42:56 Siege Ram
蝼蚁
11:13 Feudal Age
15:02 Loom
18:18 Double-Bit Axe
20:39 Castle Age
19:28 Stone Mining
19:31 Gold Mining
19:21 Man-at-Arms
21:37 Fletching
24:31 Padded Archer Armor
24:26 Bodkin Arrow
25:22 Wheelbarrow
26:07 Leather Archer Armor
26:47 Scale Mail Armor
28:32 Bow Saw
28:06 Horse Collar
29:20 Red Cliffs Tactics
30:53 Gold Shaft Mining
30:39 Heavy Plow
31:13 Squires
32:02 Hand Cart
32:11 Arson
37:13 Imperial Age
37:49 Ballistics
37:54 Forging
37:30 Elite Fire Archer
39:58 Bracer
40:15 Chain Mail Armor
41:26 Two-Man Saw
41:32 Chemistry
41:24 Sitting Tiger
41:58 Caravan
Connection lost

Rejoining the realm…

Still unreachable

The connection could not be restored.

Session expired

The server has moved on; the page needs a fresh start.